 Dungeon Crawl Stone Soup version 0.30-a0-263-ge22c4ad894 (webtiles) character file.

Game seed: 15103400639983001438

11545 Flugkiller the Cleaver (level 11, -15/75 HPs)
             Began as an Octopode Delver on Oct 13, 2022.
             Was a High Priest of Uskayaw.
             Demolished by a phantasmal warrior (31 damage)
             ... led by a death knight
             ... on level 10 of the Dungeon.
             The game lasted 00:15:33 (11510 turns).

Flugkiller the Cleaver (Octopode Delver)           Turns: 11510, Time: 00:15:33

Health: -15/75     AC:  3    Str: 11    XL:     11   Next: 79%
Magic:  24/24      EV: 24    Int: 20    God:    Uskayaw [*****.]
Gold:   124        SH:  0    Dex: 17    Spells: 10/10 levels left

rFire   . . .      SeeInvis .    j - +7 battleaxe of Lachrymose Defence {flame, MP+9}
rCold   . . .      Faith    .    (shield currently unavailable)
rNeg    . . .      Spirit   .    d - +2 hat
rPois   .          Reflect  .    y - amulet of magic regeneration
rElec   .          Harm     .    e - +6 ring of intelligence
rCorr   .          Rampage  .    v - +5 ring of evasion
Will    .....                    (no ring)
Stlth   ++++......               (no ring)
HPRegen 0.32/turn                (no ring)
MPRegen 0.59/turn                (no ring)
                                 (no ring)
                                 (no ring)

@: no status effects
A: almost no armour, amphibious, 8 rings, camouflage 1, gelatinous body 1,
(nimble swimmer 1), tentacles
a: Renounce Religion, Stomp, Line Pass, Grand Finale


You were on level 10 of the Dungeon.
You worshipped Uskayaw.
Uskayaw was noncommittal.
You visited 1 branch of the dungeon, and saw 10 of its levels.
You also visited: Bailey.

You collected 1021 gold pieces.
You spent 897 gold pieces at shops.

Inventory:

Hand Weapons
 j - the +7 battleaxe of Lachrymose Defence (weapon) {flame, MP+9}
   (You bought it in a shop on level 1 of the Dungeon)

   It burns those it strikes, dealing additional fire damage.
   Big, fiery blades are also staple armaments of hydra-hunters.
   MP:        It affects your magic capacity (+9).
 l - a +3 mace
   (You found it on level 2 of the Dungeon)
 o - a +0 dagger of venom
   (You took it off a goblin on level 2 of the Dungeon)
 C - a +6 sling
   (You took it off a gnoll sergeant in a bailey)
Missiles
 c - 5 throwing nets (quivered)
Armour
 d - a +2 hat (worn)
   (You bought it in a shop on level 1 of the Dungeon)
Jewellery
 e - a +6 ring of intelligence (left tentacle)
   (You found it on level 5 of the Dungeon)
 v - a +5 ring of evasion (right tentacle)
   (You bought it in a shop on level 8 of the Dungeon)
 y - an amulet of magic regeneration (around mantle)
   (You took it off a gnoll bouda in a bailey)
Wands
 f - a wand of digging (3)
 k - a wand of mindburst (7)
   (You found it on level 2 of the Dungeon)
 n - a wand of roots (12)
   (You found it on level 2 of the Dungeon)
Scrolls
 b - a scroll of fog
 m - 5 scrolls of enchant armour
 r - a scroll of brand weapon {unknown}
 s - 2 scrolls of enchant weapon
 t - 7 scrolls of teleportation
 u - 3 scrolls of butterflies
 x - a scroll of poison
 z - 4 scrolls of blinking
 G - 3 scrolls of amnesia
Potions
 a - 2 potions of flight
 g - a potion of brilliance
 h - 4 potions of haste
 i - 3 potions of mutation
 p - 2 potions of ambrosia
 q - 6 potions of curing
 w - a potion of invisibility
 A - a potion of cancellation
 D - a potion of berserk rage {unknown}
 E - 3 potions of lignification {unknown}
 F - 2 potions of heal wounds {unknown}
Miscellaneous
 B - a phantom mirror
   (You found it in a bailey)


   Skills:
 - Level 7.0 Fighting
 - Level 2.0 Short Blades
 + Level 11.1 Axes
 - Level 11.0 Dodging
 - Level 6.6 Stealth
 - Level 6.0 Invocations
 - Level 6.0 Evocations


You had 10 spell levels left.
You didn't know any spells.
Your spell library contained the following spells:

 Spells                   Type           Power      Damage    Failure   Level
 Freeze                   Ice            0%         1d3       19%         1
 Summon Guardian Golem    Hex/Summ       0%         N/A       50%         3
 Orb of Destruction       Conj           0%         9d5       100%        7
 Spellforged Servitor     Conj/Summ      0%         N/A       100%        7
 Borgnjor's Revivificati  Necr           0%         N/A       100%        8
 Necromutation            Tmut/Necr      0%         N/A       100%        8


Dungeon Overview and Level Annotations

Branches:
Dungeon (10/15) Zot: 26740  Temple (0/1) D:7            Lair (0/5) D:8
 Bailey (visited)
    Orc: D:9-12

Altars:
Ashenzari
Fedhas
Gozag
Hepliaklqana
Kikubaaqudgha
Nemelex Xobeh
Qazlal
Ru
Uskayaw
The Shining One

Shops:
D:1 [[*(   D:5 ((   D:8 =

Annotations:
D:3 exclusion: ogre


Innate Abilities, Weirdness & Mutations

You cannot wear most types of armour.
You are amphibious.
You can wear up to eight rings at the same time.
Your skin changes colour to match your surroundings (Stealth+).
Your rubbery body absorbs attacks. (AC +1, EV +1)
((You are camouflaged when in or above water. (Stealth+)))
You have tentacles for arms and can constrict up to eight enemies at once.


Message History

A gnoll comes into view. It is wielding a +0 flail.
The gnoll sergeant barely misses you.
The gnoll shouts!
You hit the gnoll sergeant but do no damage.
You squeeze the gnoll sergeant.
The gnoll sergeant is almost dead.
You constrict the gnoll sergeant.
You kill the gnoll sergeant!
You hear a shout! x2
Things that are here:
a +0 trident; a +0 ring mail; a gnoll corpse The gnoll completely misses you.
You hit the gnoll. You burn the gnoll. Your grab misses the gnoll.
You squeeze the gnoll.
You kill the gnoll!
A gnoll comes into view. It is wielding a +0 whip.
You slash the gnoll! You burn the gnoll.
You kill the gnoll!
You slash the gnoll! You burn the gnoll. The gnoll misses you.
Uskayaw will force your foes to helplessly watch your dance.
Uskayaw prepares the audience for your solo!
The helpless gnoll fails to defend itself.
You open the gnoll like a pillowcase!!! You burn the gnoll.
You kill the gnoll!
Things that are here:
a +0 whip; a gnoll corpse You hit the gnoll.
You burn the gnoll. You grab the gnoll.
The gnoll is moderately wounded.
You constrict the gnoll. The gnoll hits you with a +0 whip.
The gnoll completely misses you.
You release your grip on the gnoll.
A wraith and a phantasmal warrior come into view.
The gnoll hits you but does no damage.
A death knight comes into view. It is wielding a +0 great sword.
The death knight shouts!
You hit the gnoll. You burn the gnoll. You grab the gnoll.
You squeeze the gnoll, but do no damage.
The gnoll is severely wounded.
You constrict the gnoll. The gnoll completely misses you.
You slice the gnoll!! You burn the gnoll.
You kill the gnoll!
A phantasmal warrior comes into view.
You barely miss the death knight. You grab the death knight.
You squeeze the death knight.
The death knight is lightly wounded.
You constrict the death knight.
The death knight offers itself to Yredelemnul, and fills with unholy energy.
The phantasmal warrior gestures at you.
The phantasmal warrior blinks!
Uskayaw will force your foes to share their pain.
Uskayaw links your audience in an emotional bond!
You hit the death knight. You burn the death knight.
The death knight is lightly wounded.
The death knight reflects your damage back at you!
You constrict the death knight, but do no damage.
The death knight barely misses you. The phantasmal warrior gestures at you.
The phantasmal warrior blinks!
You hit the death knight but do no damage.
The death knight is lightly wounded.
You constrict the death knight, but do no damage.
The death knight hits you with a +0 great sword!!
A gnoll comes into view. It is wielding a +0 spear.
You slash the phantasmal warrior! You burn the phantasmal warrior!
You squeeze the phantasmal warrior, but do no damage.
The phantasmal warrior is severely damaged.
You hit the death knight. You burn the death knight. You slash the wraith!
You burn the wraith!
You destroy the wraith!
The death knight reflects your damage back at you!
You constrict the death knight.
The death knight reflects your damage back at you!
The death knight barely misses you. The phantasmal warrior misses you.
You slash the phantasmal warrior! You burn the phantasmal warrior.
You destroy the phantasmal warrior!
You hit the death knight. You burn the death knight.
The death knight reflects your damage back at you!
You constrict the death knight.
The death knight is no longer sharing its pain.
The death knight reflects your damage back at you!
The death knight completely misses you. The phantasmal warrior gestures at you.
The phantasmal warrior blinks!
The death knight closely misses you.
You can now merge with and destroy a victim.
Unknown command.
You slash the death knight! You burn the death knight.
You kill the death knight!
You hit the phantasmal warrior but do no damage.
Your damage is reflected back at you!
* * * LOW HITPOINT WARNING * * *
The gnoll hits you from afar with a +0 spear.
* * * LOW HITPOINT WARNING * * *
The phantasmal warrior hits you but does no damage.
Your Axes skill increases to level 11!
Unknown command.
You closely miss the phantasmal warrior.
You squeeze the phantasmal warrior!
The phantasmal warrior is lightly damaged.
The gnoll completely misses you. The phantasmal warrior hits you!!
You die...

..........####....
.........[....(.. .
#.........##.... ..
##..#...####.... ...
#...)......[.... ....
##).)))......... #....
###.)........##...
#....g#)))....#.....#...
#.....)@......#.....#...
....#.W.................
.. #..#................
##..................
...................
....................
.#.............##....
... .......... ##...
.#### #...


You could see a phantasmal warrior and a gnoll.

Vanquished Creatures
  A death knight (D:10)
  A two-headed ogre (D:8)
  A phantasmal warrior (D:10)
  A kobold demonologist (D:9)
  A komodo dragon (D:8)
  A hornet (D:8)
  3 wraiths
  10 yaks (D:10)
  2 wyverns
  Grum (D:8)
  2 steam dragons
  An acid dragon (D:10)
  3 water moccasins
  A sky beast (D:6)
  3 black bears
  8 ice beasts
  2 orc warriors
  9 wolves
  An ogre (D:6)
  2 centaurs
  A phantom (D:7)
  2 kobold brigands
  6 bullfrogs
  2 scorpions
  9 gnoll sergeants
  3 necrophages
  5 wights (D:8)
  4 killer bees (D:8)
  8 electric eels (D:7)
  2 howler monkeys (D:8)
  10 orc priests
  7 gnoll boudas
  3 jellies
  9 hounds
  3 iguanas
  10 orc wizards
  29 gnolls
  12 adders
  3 shadow imps
  3 white imps
  5 worms
  A dart slug (D:2)
  30 orcs
  3 bats
  10 endoplasms
  3 giant cockroaches
  8 goblins
  9 hobgoblins
  3 jackals (D:3)
  2 quokkas
  8 ball pythons
  2 frilled lizards (D:2)
  13 kobolds
  7 rats
289 creatures vanquished.

Notes
Turn   | Place    | Note
-------+----------+-------------------------------------------
     0 | D:5      | Flugkiller the Octopode Delver began the quest for the Orb.
     0 | D:5      | Reached XP level 1. HP: 16/16 MP: 1/1
     5 | D:5      | Noticed an ice beast
    50 | D:4      | Noticed a hound
    80 | D:4      | Noticed a hound
    87 | D:4      | Killed a hound
    88 | D:4      | Reached XP level 2. HP: 21/21 MP: 2/2
    88 | D:4      | Reached XP level 3. HP: 26/26 MP: 3/3
   127 | D:4      | Reached XP level 4. HP: 26/31 MP: 4/4
   283 | D:4      | Found a transporter.
   289 | D:4      | Found a transporter.
   513 | D:2      | Reached XP level 5. HP: 36/36 MP: 5/5
   564 | D:2      | Reached skill level 5 in Dodging
   602 | D:2      | Reached skill level 1 in Evocations
   847 | D:2      | Found a hide-covered altar of Uskayaw.
   885 | D:2      | Became a worshipper of Uskayaw the Reveller
   914 | D:1      | Found Pufroxzeet's Antique Weapon Emporium.
   977 | D:1      | Found Kuth's Armour Shoppe.
  1051 | D:1      | Reached * piety under Uskayaw
  1065 | D:1      | Found Foibimum's Antique Armour Shoppe.
  1179 | D:1      | Found Ishid's General Store.
  1799 | D:1      | Bought a bloodstained battleaxe for 172 gold pieces
  1799 | D:1      | Identified the +7 battleaxe of Lachrymose Defence {flame,
                  | MP+9} (You bought it in a shop on level 1 of the Dungeon)
  1951 | D:3      | Noticed an ogre
  1990 | D:3      | Reached ** piety under Uskayaw
  1992 | D:3      | Reached skill level 1 in Axes
  1992 | D:3      | Reached *** piety under Uskayaw
  2653 | D:4      | Reached XP level 6. HP: 32/42 MP: 6/6
  3077 | D:4      | Found a sparkling altar of Nemelex Xobeh.
  3183 | D:4      | Reached **** piety under Uskayaw
  3187 | D:4      | Reached ***** piety under Uskayaw
  3194 | D:4      | Reached XP level 7. HP: 36/49 MP: 7/7
  3297 | D:4      | Got the Encyclopedia of Frostbite and Maleficent Secrets
  3332 | D:5      | Found Jaosuhaf's Antique Weapon Emporium.
  3563 | D:5      | Found Wevvir's Firing Range.
  3610 | D:5      | Reached skill level 5 in Fighting
  3732 | D:5      | Found a hazy altar of Hepliaklqana.
  3960 | D:5      | Reached skill level 5 in Axes
  3960 | D:5      | Reached XP level 8. HP: 54/55 MP: 8/8
  4448 | D:6      | Reached skill level 5 in Evocations
  4860 | D:6      | Reached XP level 9. HP: 61/61 MP: 9/9
  5459 | D:1      | Bought a glowing hat for 175 gold pieces
  5730 | D:7      | Found a stormy altar of Qazlal.
  6521 | D:7      | Found a staircase to the Ecumenical Temple.
  6783 | D:8      | Noticed a hornet
  6787 | D:8      | Paralysed by a hornet for 1 turns
  6789 | D:8      | Killed a hornet
  6857 | D:8      | Found Saaf's One-of-a-Kind Rings.
  6944 | D:8      | Found a staircase to the Lair.
  6954 | D:8      | Noticed a komodo dragon
  6961 | D:8      | Found an opulent altar of Gozag.
  6983 | D:8      | Reached XP level 10. HP: 58/66 MP: 10/10
  6998 | D:8      | Found a blossoming altar of Fedhas.
  6998 | D:8      | Noticed Grum
  7000 | D:8      | Found a flagged portal.
  7009 | Bailey   | Entered a bailey
  7688 | Bailey   | Reached skill level 10 in Dodging
  8187 | Bailey   | Identified the +0 scale mail "Echaliel" {Str+5}
  8755 | D:8      | Noticed a two-headed ogre
  8968 | D:8      | Reached skill level 1 in Invocations
  9480 | D:8      | Killed a two-headed ogre
  9481 | D:8      | Reached XP level 11. HP: 38/74 MP: 14/14
  9668 | D:8      | Killed Grum
  9669 | D:8      | Reached skill level 5 in Invocations
 10291 | D:9      | Found an ancient bone altar of Kikubaaqudgha.
 10444 | D:8      | Bought a +5 ring of evasion for 550 gold pieces
 10489 | D:9      | Found a glowing golden altar of the Shining One.
 10558 | D:9      | Found a sacrificial altar of Ru.
 10887 | D:9      | Found a broken altar of Ashenzari.
 11260 | D:10     | Entered Level 10 of the Dungeon
 11432 | D:10     | Reached skill level 10 in Axes
 11501 | D:10     | Noticed a phantasmal warrior
 11501 | D:10     | Noticed a death knight
 11503 | D:10     | Noticed a phantasmal warrior
 11508 | D:10     | Killed a phantasmal warrior
 11509 | D:10     | Killed a death knight
 11510 | D:10     | Demolished by a phantasmal warrior

Illustrated notes

Levels and vault maps discovered:
D:1:      lemuel_arrival_river_bridge, layout_basic, serial_shops, shop, shop,
          nicolae_shop_crystal, nicolae_shop_overgrown_old_shop, minivault_5,
          serial_bayou_lagoon_b
D:2:      layout_rooms, basic_altar
D:3:      layout_loops_cross
D:4:      gammafunk_wand_slinger, layout_loops_cross,
          nemelex_spade_bored_becter, wad_floor_pattern_1
D:5:      minmay_diamond_boxcup, layout_gridville, old_standard_altar,
          minivault_14, nicolae_stop_n_shop_1, nicolae_shop_firing_range
D:6:      layout_loops_ring
D:7:      lemuel_ice_spiral_2, layout_basic, mainiacjoe_overflow_catwalk,
          minmay_temple_entry_from_below_a, minivault_1, kennysheep_boxes
D:8:      minmay_four_partial_circles, layout_basic, nicolae_gozag_seed_capital,
          old_standard_altar, lair_entry_dummy, enter_bailey_2,
          nicolae_shop_unique_rings, kennysheep_pointless_box,
          minmay_chambers_of_fives, uniq_grum
D:9:      layout_stronghold, pf_just_have_faith, old_standard_altar,
          lemuel_crystal_altar, general_overflow_altar
D:10:     layout_cave_pools, ebering_ghost_rock_garden

Skill      XL: |  1  2  3  4  5  6  7  8  9 10 11 |
---------------+----------------------------------+-----
Dodging        | 3 4 5 9 11 | 11.0
Evocations     | 2 3 6 |  6.0
Axes           | 1 3 5 7 8 11 | 11.1
Fighting       | 4 5 6 7 |  7.0
Invocations    | 4 6 |  6.0
Short Blades   | |  2.0
Stealth        | |  6.6

Action                   |  1- 3 |  4- 6 |  7- 9 | 10-12 || total
-------------------------+-------+-------+-------+-------++-------
Melee: Short sword       |    15 |    31 |       |       ||    46
       Tentacles         |     5 |    25 |    19 |    49 ||    98
       Constrict         |     3 |    34 |    26 |    42 ||   105
       Dagger            |       |    37 |       |       ||    37
       Battleaxe         |       |    57 |   143 |   228 ||   428
       Punch             |       |     1 |     3 |     2 ||     6
Evoke: Wand              |       |     3 |     3 |     3 ||     9
  Use: Scroll            |       |     7 |    12 |     2 ||    21
 Stab: Sleeping          |     1 |    29 |    19 |     5 ||    54
       Paralysed         |       |     1 |     2 |    23 ||    26
       Distracted        |       |       |     3 |     3 ||     6
Armor: Skin              |       |     6 |    14 |    22 ||    42
Dodge: Dodged            |    11 |    72 |    96 |   321 ||   500

Table legend: (Time is in decaauts)
 A = Elapsed time spent in this place.
 B = Non-inter-level travel time spent in this place.
 C = Inter-level travel time spent in this place.
 D = Time resting spent in this place.
 E = Time spent auto-exploring this place.
 F = Levels seen in this place.
 G = Mean time per level.
                   A        B        C        D        E       F      G
               +--------+--------+--------+--------+--------+-----+--------+
         Total |  11662 |  10990 |    672 |   3196 |   4914 |  11 | 1060.2 |
       Dungeon |   9891 |   9219 |    672 |   2144 |   4802 |  10 |  989.1 |
        Bailey |   1770 |   1770 |      0 |   1052 |    112 |   1 | 1770.0 |
               +--------+--------+--------+--------+--------+-----+--------+

Top non-repeatable levels by time:
     D:8: 1900 daAuts
  Bailey: 1770 daAuts
     D:6: 1422 daAuts
     D:4: 1252 daAuts
     D:7: 1120 daAuts
     D:1: 1000 daAuts
     D:9: 976 daAuts
     D:3: 813 daAuts
     D:2: 618 daAuts
     D:5: 600 daAuts
    D:10: 186 daAuts
